 Dungeon Crawl Stone Soup version 0.23-a0-650-ga4d50d4 (webtiles) character file.

164 Borgoz the Sneak (level 5, -9/32 HPs)
             Began as a Kobold Assassin on Jan 2, 2019.
             Was an Initiate of Dithmenos.
             Killed from afar by an orc wizard (11 damage)
             ... with a puff of frost
             ... on level 3 of the Dungeon.
             The game lasted 00:04:21 (2523 turns).

Borgoz the Sneak (Kobold Assassin)                  Turns: 2523, Time: 00:04:22

Health: -9/32      AC:  3    Str:  9    XL:     5   Next: 73%
Magic:  5/5        EV: 15    Int: 13    God:    Dithmenos [......]
Gold:   104        SH:  0    Dex: 16    Spells: 4/4 levels left

rFire    . . .     SeeInvis .   a - +2 dagger
rCold    . . .     Gourm    .   (shield restricted)
rNeg     . . .     Faith    .   c - +0 robe
rPois    .         Spirit   .   (no helmet)
rElec    .         Reflect  .   d - +0 cloak
rCorr    .         Harm     .   (no gloves)
MR       .....                  (no boots)
Stlth    ++++......             (no amulet)
HPRegen  0.10/turn              (no ring)
MPRegen  0.09/turn              (no ring)

@: no status effects
A: small, carnivore
a: Renounce Religion


You were on level 3 of the Dungeon.
You worshipped Dithmenos.
Dithmenos was noncommittal.
You were full.

You visited 1 branch of the dungeon, and saw 3 of its levels.

You collected 104 gold pieces.

Inventory:

Hand Weapons
 a - a +2 dagger (weapon)
 b - a +0 blowgun
Missiles
 e - 13 poisoned needles
 f - 2 curare-tipped needles
 k - 4 needles of confusion
Armour
 c - a +0 robe (worn)
 d - a +0 cloak (worn)
Scrolls
 h - a scroll of teleportation {unknown}
 j - 2 scrolls of identify {unknown}
 l - a scroll of magic mapping {unknown}
Potions
 i - 2 potions of curing
Comestibles
 g - 2 rations


   Skills:
 + Level 2.8 Fighting
 + Level 4.2 Short Blades
 + Level 2.6 Throwing
 + Level 2.5 Dodging
 + Level 7.2 Stealth


You had 4 spell levels left.
You didn't know any spells.
Your spell library was empty.

Dungeon Overview and Level Annotations

Branches:
Dungeon (3/15)

Altars:
Dithmenos
Ru


Innate Abilities, Weirdness & Mutations

You are small and have problems with some larger weapons.
You are carnivorous and can eat meat at any time.


Message History

The orc wizard casts a spell at you. The puff of flame hits you!
* * * LOW HITPOINT WARNING * * *
The orc wizard barely misses you.
Things that are here:
a +0 hand axe; a red potion; an orc corpse You hit the orc priest.
The orc priest is severely wounded.
The orc priest barely misses you.
You completely miss the orc priest.
The orc priest is severely wounded.
You hit the orc priest.
You kill the orc priest!
Dithmenos accepts your kill.
You completely miss the orc wizard.
The orc wizard is moderately wounded.
The orc wizard completely misses you. The orc wizard casts a spell at you.
The puff of frost hits you!
You die...

.... #.#.##..# #####.###
#.#.##..# #..!....#
#)......# # #
#.#.####.......##.#
####.###.....[....([<.....
#.......##.####.#.###.####
.....##.##.# #.#..##.#
#.##.##.##.# #.##.##.#
#...))@.# #.......#
####.##o#### ###...###
........# #...# #.####)(#
#...# . #.(# #..... #..#
#...### #..# ..... #...
....... ##.# ....... (


You could see an orc wizard.

Vanquished Creatures
  A scorpion (D:2)
  An orc priest (D:3)
  4 adders (D:2)
  An ooze (D:2)
  2 worms
  A dart slug (D:1)
  3 orcs (D:3)
  A giant cockroach (D:2)
  3 goblins
  2 hobgoblins (D:2)
  2 ball pythons (D:2)
  3 bats
  4 frilled lizards
  8 kobolds
  8 rats
44 creatures vanquished.

Notes
Turn   | Place    | Note
-------+----------+-------------------------------------------
     0 | D:1      | Borgoz the Kobold Assassin began the quest for the Orb.
     0 | D:1      | Reached XP level 1. HP: 12/12 MP: 1/1
   242 | D:1      | Reached XP level 2. HP: 16/17 MP: 2/2
   462 | D:1      | Reached skill level 6 in Stealth
   896 | D:2      | Found a shadowy altar of Dithmenos.
   911 | D:2      | Reached XP level 3. HP: 20/22 MP: 3/3
  1121 | D:2      | Became a worshipper of Dithmenos the Shadowed
  1260 | D:2      | Reached XP level 4. HP: 14/27 MP: 4/4
  1929 | D:2      | Reached skill level 7 in Stealth
  1929 | D:2      | Reached XP level 5. HP: 28/31 MP: 5/5
  1997 | D:2      | Found a sacrificial altar of Ru.
  2516 | D:3      | HP: 1/31 [orc wizard/puff of flame (3)]
  2523 | D:3      | Killed from afar by an orc wizard

Vault maps used:
D:1:      nicolae_arrival_washed_ashore, columned_hall_lemuel
D:2:      nicolae_ru_path_of_blood, nicolae_dithmenos_through_a_glass_darkly,
          minmay_3d_cube
D:3:      nicolae_overflow_crystal_walls, lightli_temple_of_fire

Skill      XL: |  1  2  3  4  5 |
---------------+----------------+-----
Stealth        | 6 7 |  7.2
Short Blades   | 3 4 |  4.2
Dodging        | 2 |  2.5
Fighting       | |  2.8
Throwing       | |  2.6

Action                   |  1- 3 |  4- 6 || total
-------------------------+-------+-------++-------
Melee: Dagger            |    89 |    73 ||   162
 Fire: Blowgun           |     7 |     4 ||    11
  Use: Potion            |     3 |     1 ||     4
 Stab: Sleeping          |     6 |     7 ||    13
       Distracted        |       |     1 ||     1
  Eat: Chunk             |     4 |     5 ||     9
Armor: Robe              |    14 |     5 ||    19
Dodge: Dodged            |    51 |    39 ||    90

Table legend:
 A = Non-vault XP
 B = Vault XP
 C = Vault XP percentage of total XP
 D = Non-vault monster count
 E = Vault monster count
 F = Vault count percentage of total count
                 A         B        C        D         E       F
            +---------+---------+-------+---------+---------+-------
      Total |     232 |       3 |   1.3 |      41 |       3 |   6.8
            +---------+---------+-------+---------+---------+-------
        D:1 |      22 |       0 |   0.0 |      15 |       0 |   0.0
        D:2 |     153 |       3 |   1.9 |      20 |       3 |  13.0
        D:3 |      57 |       0 |   0.0 |       6 |       0 |   0.0
            +---------+---------+-------+---------+---------+-------
